 Dungeon Crawl Stone Soup version 0.29-a0-356-g7bc237e783 (webtiles) character file.

Game seed: 16888336459054413260

1041 zeratav the Cleaver (level 8, -1/63 HPs)
             Began as a Demonspawn Monk on Apr 25, 2022.
             Was a Priest of Qazlal.
             Slain by a gnoll
             ... wielding a +0 whip of venom
              (2 damage)
             ... on level 5 of the Dungeon.
             The game lasted 00:13:43 (6296 turns).

zeratav the Cleaver (Demonspawn Monk)               Turns: 6296, Time: 00:13:44

Health: -1/63      AC:  6    Str: 14    XL:     8   Next: 4%
Magic:  5/8        EV: 10    Int: 11    God:    Qazlal [***...]
Gold:   281        SH:  4    Dex: 16    Spells: 7/7 levels left

rFire   . . .      SeeInvis .   a - +0 hand axe {axe}
rCold   + . .      Faith    .   (no shield)
rNeg    + . .      Spirit   .   m - +0 scale mail
rPois   .          Reflect  .   (helmet restricted)
rElec   .          Harm     .   (no cloak)
rCorr   .          Rampage  .   (no gloves)
Will    .....                   (no boots)
Stlth   +.........              (no amulet)
HPRegen 0.20/turn               t - ring of Recklessness {rC+ rN+}
MPRegen 0.11/turn               (no ring)

@: lethally poisoned (-1 -> -8)
A: horns 1, weakness stinger 1, demonic touch 2
a: Renounce Religion, Upheaval, Elemental Force


You were on level 5 of the Dungeon.
You worshipped Qazlal.
Qazlal was most pleased with you.
You visited 1 branch of the dungeon, and saw 5 of its levels.

You collected 281 gold pieces.


Innate Abilities, Weirdness & Mutations

You have a pair of small horns on your head.
You have a small tail.
Your touch may inflict irresistible damage on your foes.


   Skills:
 + Level 5.5 Fighting
 - Level 8.0 Axes
 - Level 2.6 Dodging
 - Level 1.7 Stealth


You had 7 spell levels left.
You didn't know any spells.
Your spell library contained the following spells:

 Spells                   Type           Power      Damage    Failure   Level
 Poisonous Vapours        Pois/Air       0%         N/A       94%         2
 Frozen Ramparts          Ice            0%         1d2       99%         3
 Ice Form                 Ice/Tmut       0%         N/A       100%        4
 Summon Ice Beast         Ice/Summ       0%         N/A       100%        4
 Manifold Assault         Tloc           0%         N/A       100%        5

Inventory:

Hand Weapons
 a - a +0 hand axe (weapon) {axe}
 p - a +1 short sword of electrocution {short}
   (You took it off a kobold on level 4 of the Dungeon)
Armour
 c - a +0 robe
   (You found it on level 4 of the Dungeon)
 j - a +0 pair of gloves
   (You found it on level 2 of the Dungeon)
 m - a +0 scale mail (worn)
   (You found it on level 2 of the Dungeon)
 v - a +0 ring mail
   (You found it on level 5 of the Dungeon)
 w - a +1 pair of gloves
   (You found it on level 5 of the Dungeon)
Jewellery
 t - the ring of Recklessness (left hand) {rC+ rN+}
   (You found it on level 3 of the Dungeon)

   [ring of protection from cold]

   rC:        It protects you from cold.
   rN:        It protects you from negative energy.
Wands
 z - a wand of flame (19)
   (You found it on level 4 of the Dungeon)
Scrolls
 e - 2 scrolls of noise {unknown}
 k - a scroll of brand weapon {unknown}
 n - 7 scrolls of identify {unknown}
 o - a scroll of teleportation {unknown}
 r - a scroll of fog {unknown}
 s - a scroll of enchant armour {unknown}
 u - a scroll of fear {unknown}
Potions
 b - a potion of curing {@q1}
 d - a potion of invisibility {unknown}
 f - 2 potions of mutation {unknown}
 g - 2 potions of might {unknown}
 h - a potion of heal wounds {unknown}
 i - a potion of brilliance {unknown}
 l - 2 potions of magic {unknown}
 q - a potion of degeneration {unknown}

Dungeon Overview and Level Annotations

Branches:
Dungeon (5/15)
 Temple: D:4-7

Altars:
Qazlal

Shops:
D:3

? ### ##
######.# #.
#......# #.
#.####.# #.
#.# #.# #.
#.# #.# #g
#.# #.#
#g#####.#
#.#
#)@.....#
#.#
#########
#.#
########
#.# ######
##......#
#.# ####
######....#
#.......#
#.# #...
........#.#
#.......#
#.# #...
.#####.##<#
#.##...##
#.###... .#
#.....#
#.##.###
#...'... .#
#..####
#.##.#
#####...


You could see 2 gnolls.


Message History

Your hp is fully restored (56).
A gnoll is nearby!
You hit the gnoll.
You touch the gnoll!
The gnoll hits you with a +0 flail!
HP[-10]
You take 10 damage, and now have 46/56 hp.
You barely miss the gnoll. You block the gnoll's attack.
A gnoll sergeant comes into view. It is wielding a +1 vorpal spear.
You hit the gnoll.
You kill the gnoll!
Qazlal accepts your kill.
The gnoll sergeant completely misses you.
A gnoll comes into view. It is wielding a +0 whip of venom.
The gnoll shouts!
A gnoll comes into view. It is wielding a +0 spear.
You see here a +0 flail {mace}.
You barely miss the gnoll sergeant.
The gnoll sergeant hits you with a +1 vorpal spear!
HP[-9]
You take 9 damage, and now have 37/56 hp.
You are too injured to fight recklessly!
You are too injured to fight recklessly!
You are too injured to fight recklessly!
You are too injured to fight recklessly!
You are too injured to fight recklessly!
You are too injured to fight recklessly!
You hit the gnoll sergeant but do no damage.
You touch the gnoll sergeant.
You hit the gnoll.
The gnoll hits you with a +0 whip of venom!
The gnoll sergeant hits you but does no damage.
HP[-7]
You take 7 damage, and now have 30/56 hp.
You hit the gnoll sergeant. You closely miss the gnoll.
You hit the gnoll sergeant but do no damage.
You tail-slap the gnoll sergeant, but do no damage.
You touch the gnoll sergeant!
You barely miss the gnoll. The gnoll barely misses you.
The gnoll sergeant hits you with a +1 vorpal spear.
* * * LOW HITPOINT WARNING * * *
x2 HP[-7]
You take 7 damage, and now have 23/56 hp.
You hit the gnoll sergeant but do no damage.
You tail-slap the gnoll sergeant, but do no damage.
You touch the gnoll sergeant!
You hit the gnoll but do no damage.
The gnoll hits you with a +0 whip of venom!
* * * LOW HITPOINT WARNING * * *
The gnoll sergeant hits you with a +1 vorpal spear.
* * * LOW HITPOINT WARNING * * *
x2 The gnoll barely misses you.
HP[-11]
You take 11 damage, and now have 12/56 hp.
You hit the gnoll sergeant.
You kill the gnoll sergeant!
Qazlal accepts your kill.
You hit the gnoll.
The gnoll hits you from afar with a +0 spear.
* * * LOW HITPOINT WARNING * * *
The gnoll hits you but does no damage.
You have reached level 8!
You feel stronger.
Your demonic ancestry asserts itself...
A pair of horns grows on your head!
HP[-4] MP[+1]
You now have 63 max hp (+7).
Your mp is fully restored (8).
You barely miss the gnoll. You block the gnoll's attack.
The gnoll barely misses you.
You barely miss the gnoll.
You headbutt the gnoll, but do no damage.
Your touch misses the gnoll. The gnoll closely misses you.
The gnoll misses you.
You closely miss the gnoll.
Your tail-slap misses the gnoll.
The gnoll hits you with a +0 whip of venom.
* * * LOW HITPOINT WARNING * * *
You are lethally poisoned!
The gnoll hits you from afar with a +0 spear.
* * * LOW HITPOINT WARNING * * *
HP[-2]
You take 2 damage, and now have 6/63 hp.
You hit the gnoll. Your touch misses the gnoll.
* * * LOW HITPOINT WARNING * * *
You feel sick. The gnoll hits you but does no damage.
The gnoll barely misses you.
HP[-2]
You take 2 damage, and now have 4/63 hp.
You hit the gnoll but do no damage.
You headbutt the gnoll, but do no damage.
Your tail-slap misses the gnoll.
* * * LOW HITPOINT WARNING * * *
You feel sick. The gnoll hits you but does no damage.
You are more poisoned.
The gnoll completely misses you.
HP[-1]
You take 1 damage, and now have 3/63 hp.
Aiming: Upheaval
Press: ? - help, Dir - move target, f - gnoll
Aim: a gnoll, wielding a +0 spear Magma suddenly erupts from the ground!
The blast of magma engulfs the gnoll!
* * * LOW HITPOINT WARNING * * *
You feel sick.
The gnoll hits you with a +0 whip of venom.
You die...

Skill      XL: |  1  2  3  4  5  6  7 |
---------------+----------------------+-----
Axes           | 3 4 5 6 7 8 |  8.0
Fighting       | 5 |  5.5
Dodging        | |  2.6
Stealth        | |  1.7

Action                   |  1- 3 |  4- 6 |  7- 9 || total
-------------------------+-------+-------+-------++-------
Melee: Hand axe          |   107 |   122 |   131 ||   360
       Touch             |     9 |    19 |    24 ||    52
       Punch             |     1 |     1 |     2 ||     4
       Tailslap          |       |    11 |    18 ||    29
       Headbutt          |       |       |     2 ||     2
Invok: Upheaval          |       |     2 |     1 ||     3
  Use: Potion            |       |       |     1 ||     1
 Stab: Sleeping          |     9 |     1 |       ||    10
Armor: Robe              |    19 |     8 |       ||    27
       Scale mail        |       |    31 |    50 ||    81
Dodge: Dodged            |    52 |    75 |    50 ||   177
Block: Other             |       |    11 |    16 ||    27

Levels and vault maps discovered:
D:1:      lemuel_arrival_room, layout_rooms, shapermc_ecumenical_altar_gd,
          kennysheep_another_room
D:2:      kennysheep_six_static_rooms, layout_basic, basic_altar,
          nrook_campfire, minmay_cupped, uniq_terence
D:3:      layout_rooms, serial_shops, shop, corexii_leaking_fountain,
          minmay_misc_feat_encased, serial_bayou_ford_a,
          kennysheep_decorative_pillar, roderic_cross_of_infinity, uniq_sigmund
D:4:      cheibrodos_fertilizer, layout_basic, nicolae_elevator_lobby_plus
D:5:      layout_basic

Notes
Turn   | Place    | Note
-------+----------+-------------------------------------------
     0 | D:1      | zeratav the Demonspawn Monk began the quest for the Orb.
     0 | D:1      | Reached XP level 1. HP: 18/18 MP: 1/1
     0 | D:1      | magus.rc [v1.9.6]
   194 | D:1      | Reached skill level 3 in Axes
   324 | D:1      | You feel monstrous as your demonic heritage exerts itself.
   324 | D:1      | Discovered your monstrous ancestry.
   324 | D:1      | Gained mutation: Your touch may inflict minor irresistible
                  | damage on your foes. [demonic ancestry]
   324 | D:1      | Reached XP level 2. HP: 19/24 MP: 2/2
   724 | D:1      | Reached XP level 3. HP: 21/29 MP: 3/3
   839 | D:1      | Found a faded altar of an unknown god.
  1052 | D:1      | Reached skill level 4 in Axes
  1158 | D:2      | Found a stormy altar of Qazlal.
  1864 | D:2      | You add the spells Poisonous Vapours and Manifold Assault
                  | to your library.
  1864 | D:2      | Got the Reference Book on the Compass and Venom
  1867 | D:2      | Noticed Terence
  1941 | D:2      | Gained mutation: You have a small tail. [demonic ancestry]
  1941 | D:2      | Reached XP level 4. HP: 18/35 MP: 4/4
  3136 | D:3      | Noticed an ice beast
  3185 | D:2      | Became a worshipper of Qazlal Stormbringer
  3185 | D:2      | Reached * piety under Qazlal
  3185 | D:2      | Reached ** piety under Qazlal
  3209 | D:3      | Killed an ice beast
  3210 | D:3      | Reached skill level 5 in Axes
  3210 | D:3      | Reached XP level 5. HP: 41/41 MP: 5/5
  3426 | D:3      | Killed Terence
  3427 | D:3      | Reached skill level 6 in Axes
  3495 | D:2      | Reached XP level 6. HP: 19/47 MP: 6/6
  3748 | D:3      | Noticed Sigmund
  3782 | D:3      | Killed Sigmund
  3783 | D:3      | Reached skill level 7 in Axes
  3970 | D:3      | Found Simiaxou's Magic Scroll Boutique.
  4005 | D:3      | You pick up a book of Rime and begin reading...
  4005 | D:3      | You add the spells Frozen Ramparts, Ice Form and Summon Ice
                  | Beast to your library.
  4029 | D:3      | Identified the ring of Recklessness {rC+ rN+}
  4288 | D:4      | Gained mutation: Your touch may inflict irresistible damage
                  | on your foes. [demonic ancestry]
  4288 | D:4      | Reached XP level 7. HP: 52/52 MP: 7/7
  4727 | D:4      | Identified the +5 short sword of Ruiree {freeze, rElec
                  | rPois Will- Str+2}
  4906 | D:4      | HP: 11/52 [gnoll/+0 whip of venom (3)]
  4908 | D:4      | HP: 4/52 [poisoned by a gnoll]
  4913 | D:4      | HP: 12/52 [poisoned by a gnoll]
  5341 | D:4      | Reached *** piety under Qazlal
  5419 | D:4      | Reached skill level 8 in Axes
  5565 | D:5      | Entered Level 5 of the Dungeon
  5743 | D:5      | Reached skill level 4 in Fighting
  6161 | D:5      | Reached skill level 5 in Fighting
  6289 | D:5      | HP: 13/56 [gnoll sergeant/+1 vorpal spear (2)]
  6291 | D:5      | Gained mutation: You have a pair of small horns on your
                  | head. [demonic ancestry]
  6291 | D:5      | Reached XP level 8. HP: 8/63 MP: 8/8
  6293 | D:5      | HP: 6/63 [gnoll/+0 spear (1)]
  6296 | D:5      | HP: 1/63 [poisoned by a gnoll]
  6296 | D:5      | Slain by a gnoll

Vanquished Creatures
  Sigmund (D:3)
  An ice beast (D:3)
  2 ogres
  A gnoll sergeant (D:5)
  A scorpion (D:5)
  A hound (D:5)
  A gnoll shaman (D:4)
  2 jellies
  Terence (D:3)
  2 orc wizards (D:4)
  8 gnolls
  11 adders
  A white imp (D:5)
  3 worms
  3 dart slugs
  4 orcs (D:4)
  21 endoplasms
  5 giant cockroaches
  5 goblins
  5 hobgoblins
  2 jackals (D:1)
  7 quokkas
  9 ball pythons
  11 bats
  6 frilled lizards
  14 kobolds
  5 rats
133 creatures vanquished.

Vanquished Creatures (others)
  4 fungi (D:4)
  6 plants (D:3)
  11 toadstools (D:4)
21 creatures vanquished.

Grand Total: 154 creatures vanquished

Table legend:
 A = Non-vault XP
 B = Vault XP
 C = Vault XP percentage of total XP
 D = Non-vault monster count
 E = Vault monster count
 F = Vault count percentage of total count
                 A         B        C        D         E       F
            +---------+---------+-------+---------+---------+-------
      Total |    1118 |     370 |  24.9 |     105 |      28 |  21.1
            +---------+---------+-------+---------+---------+-------
        D:1 |      53 |       0 |   0.0 |      29 |       0 |   0.0
        D:2 |      78 |      38 |  32.8 |      19 |       8 |  29.6
        D:3 |     223 |     262 |  54.0 |      25 |       2 |   7.4
        D:4 |     312 |      70 |  18.3 |      20 |      18 |  47.4
        D:5 |     452 |       0 |   0.0 |      12 |       0 |   0.0
            +---------+---------+-------+---------+---------+-------

Illustrated notes

Table legend:
 A = Kills in this place as a percentage of kills in entire the game.
 B = Kills by you in this place as a percentage of kills by you in the entire game.
 C = Kills by friends in this place as a percentage of kills by friends in the entire game.
 D = Other kills in this place as a percentage of other kills in the entire game.
 E = Experience gained in this place as a percentage of experience gained in the entire game.
 F = Experience gained in this place divided by the number of levels of this place that you have seen.
                   A       B       C       D       E      F
               +-------+-------+-------+-------+-------+----------------------
         Total | 100.0 | 100.0 |   N/A |   N/A | 100.0 | 297.6
       Dungeon | 100.0 | 100.0 |   N/A |   N/A | 100.0 | 297.6
               +-------+-------+-------+-------+-------+----------------------

Table legend: (Time is in decaauts)
 A = Elapsed time spent in this place.
 B = Non-inter-level travel time spent in this place.
 C = Inter-level travel time spent in this place.
 D = Time resting spent in this place.
 E = Time spent auto-exploring this place.
 F = Levels seen in this place.
 G = Mean time per level.
                   A        B        C        D        E       F      G
               +--------+--------+--------+--------+--------+-----+--------+
         Total |   6314 |   6087 |    227 |   1992 |   2847 |   5 | 1262.8 |
       Dungeon |   6314 |   6087 |    227 |   1992 |   2847 |   5 | 1262.8 |
               +--------+--------+--------+--------+--------+-----+--------+

Top non-repeatable levels by time:
     D:2: 2022 daAuts
     D:1: 1384 daAuts
     D:4: 1265 daAuts
     D:3: 918 daAuts
     D:5: 724 daAuts
